 Dungeon Crawl Stone Soup version 0.29-a0-231-g945431f764 (webtiles) character file.

Game seed: 9479580847276074397

95 YayAnonymity the Chopper (level 4, -6/39 HPs)
             Began as a Hill Orc Abyssal Knight on Feb 28, 2022.
             Was a Believer of Lugonu.
             Engulfed by a cloud of flame (24 damage)
             ... in a sewer.
             The game lasted 00:02:44 (2538 turns).

YayAnonymity the Chopper (Hill Orc Abyssal Knight)  Turns: 2538, Time: 00:02:45

Health: -6/39      AC:  5    Str: 17    XL:     4   Next: 66%
Magic:  5/5        EV: 11    Int: 10    God:    Lugonu [**....]
Gold:   101        SH:  0    Dex: 11    Spells: 3/3 levels left

rFire   . . .      SeeInvis .   a - +1 hand axe
rCold   . . .      Faith    .   (no shield)
rNeg    . . .      Spirit   .   b - +0 leather armour
rPois   .          Reflect  .   d - +0 helmet
rElec   .          Harm     .   j - +0 cloak
rCorr   .          Rampage  .   (no gloves)
Will    .....                   (no boots)
Stlth   +.........              (no amulet)
HPRegen 0.13/turn               (no ring)
MPRegen 0.09/turn               (no ring)

@: no status effects
A: no striking features
a: Renounce Religion, Depart the Abyss, Bend Space


You were in a sewer.
You worshipped Lugonu.
Lugonu was pleased with you.
You visited 1 branch of the dungeon, and saw 3 of its levels.
You visited the Abyss 1 time.
You also visited: Sewer.

You collected 101 gold pieces.

Inventory:

Hand Weapons
 a - a +1 hand axe (weapon)
Armour
 b - a +0 leather armour (worn)
 d - a +0 helmet (worn)
 j - a +0 cloak (worn)
Jewellery
 k - an amulet of the acrobat
Potions
 c - a potion of brilliance
 e - 2 potions of heal wounds
 f - a potion of curing {unknown}
 g - a potion of attraction {unknown}
 i - a potion of cancellation {unknown}
 l - a potion of mutation {unknown}
 n - a potion of degeneration {unknown}


   Skills:
 - Level 3.6 Fighting
 + Level 6.3 Axes
 - Level 2.1 Armour
 - Level 0.7 Dodging
 - Level 2.4 Invocations


You had 3 spell levels left.
You didn't know any spells.
Your spell library contained the following spells:

 Spells                   Type           Power      Damage    Failure   Level
 Sandblast                Erth           0%         2d4       41%         1
 Passwall                 Tmut/Erth      0%         N/A       56%         2
 Stone Arrow              Conj/Erth      0%         3d7       80%         3


Dungeon Overview and Level Annotations

Branches:
Dungeon (3/15)              Sewer (1/1)

Altars:


Message History

Lugonu accepts your kill.
A rat comes into view.
You see here a ball python corpse.
You slash the rat!
You kill the rat!
Lugonu accepts your kill.
You slash the rat!
You kill the rat!
Lugonu accepts your kill.
No target in view!
No target in view!
No target in view!
No target in view!
No target in view!
No target in view!
No target in view!
You see here a rat corpse.
A rat comes into view.
You see here a rat corpse.
As you read the scroll labelled PAIKECHI DEISU, it crumbles to dust.
You assume a fearsome visage.
The rat looks frightened!
It was a scroll of fear.
As you read the scroll labelled DEAGHITAI, it crumbles to dust.
The creatures around you are filled with an inner flame!
It was a scroll of immolation.
Unknown command.
A rat comes into view.
Cornered, the rat turns to fight!
You hit the rat but do no damage. The rat bites you.
You hit the rat.
You kill the rat!
Lugonu accepts your kill.
You hit the rat. Lugonu accepts your kill.
The rat explodes!
The fiery explosion engulfs you!!
Ouch! That really hurt!
You are engulfed in blazing flames.
Ouch! That really hurt!
You die...

####### ≈≈≈≈≈..###
≈≈≈≈≈....##
≈≈≈≈≈§§§..#
≈≈≈≈≈§§§..#
≈≈≈≈≈§§@..##
≈≈≈≈≈#.....# ###
##....# ##...##
##...# #...# ##†..#
##††.##
################....#


There were no monsters in sight!

Vanquished Creatures
  2 adders
  A worm (D:2)
  3 dart slugs (D:2)
  2 orcs (D:3)
  5 ball pythons
  4 endoplasms
  4 giant cockroaches
  4 hobgoblins
  2 jackals (D:2)
  2 quokkas (D:1)
  5 bats
  A frilled lizard (D:1)
  9 goblins
  6 kobolds
  17 rats
67 creatures vanquished.

Vanquished Creatures (others)
  2 plants (D:2)
2 creatures vanquished.

Grand Total: 69 creatures vanquished

Notes
Turn   | Place    | Note
-------+----------+-------------------------------------------
     0 | Abyss:1  | YayAnonymity the Hill Orc Abyssal Knight began the quest
                  | for the Orb.
     0 | Abyss:1  | Reached XP level 1. HP: 19/19 MP: 2/2
   104 | Abyss:1  | Noticed a small abomination
   105 | D:1      | Escaped the Abyss
   156 | D:1      | Reached skill level 3 in Axes
   298 | D:1      | Reached XP level 2. HP: 26/26 MP: 3/3
   518 | D:1      | Reached skill level 4 in Axes
   574 | D:1      | Reached * piety under Lugonu
   621 | D:1      | Reached XP level 3. HP: 31/31 MP: 4/4
   984 | D:2      | Reached skill level 5 in Axes
  1649 | D:2      | Reached XP level 4. HP: 36/39 MP: 5/5
  1965 | D:2      | Reached ** piety under Lugonu
  2013 | D:2      | Found a faded altar of an unknown god.
  2306 | D:3      | Reached skill level 6 in Axes
  2324 | D:3      | Found a glowing drain.
  2487 | Sewer    | Entered a sewer
  2538 | Sewer    | Engulfed by a cloud of flame

Illustrated notes

Levels and vault maps discovered:
D:1:      eino_arrival_cavern_a, layout_loops_cross
D:2:      layout_loops_corners, chequers_ecumenical_altar_lobes
D:3:      layout_loops_ring, portal_sewer_entry_d
Sewer:    sewer_minmay_w

Skill      XL: |  1  2  3  4 |
---------------+-------------+-----
Axes           | 3 4 5 6 |  6.3
Fighting       | |  3.6
Armour         | |  2.1
Dodging        | |  0.7
Invocations    | |  2.4

Action                   |  1- 3 |  4- 6 || total
-------------------------+-------+-------++-------
Melee: Hand axe          |    95 |    68 ||   163
       Punch             |     1 |       ||     1
Invok: Depart the Abyss  |     1 |       ||     1
  Use: Scroll            |     2 |     4 ||     6
Armor: Leather armour    |    34 |    22 ||    56
Dodge: Dodged            |    53 |    29 ||    82

Table legend: (Time is in decaauts)
 A = Elapsed time spent in this place.
 B = Non-inter-level travel time spent in this place.
 C = Inter-level travel time spent in this place.
 D = Time resting spent in this place.
 E = Time spent auto-exploring this place.
 F = Levels seen in this place.
 G = Mean time per level.
                   A        B        C        D        E       F      G
               +--------+--------+--------+--------+--------+-----+--------+
         Total |   2559 |   2534 |     25 |    343 |   1740 |   5 |  511.8 |
       Dungeon |   2394 |   2369 |     25 |    343 |   1625 |   3 |  798.0 |
         Abyss |    105 |    105 |      0 |      0 |     92 |   1 |  105.0 |
         Sewer |     60 |     60 |      0 |      0 |     23 |   1 |   60.0 |
               +--------+--------+--------+--------+--------+-----+--------+

Top non-repeatable levels by time:
     D:2: 1263 daAuts
     D:1: 877 daAuts
     D:3: 253 daAuts
 Abyss:1: 105 daAuts
   Sewer: 60 daAuts
